 Dungeon Crawl Stone Soup version 0.27-a0-836-gfc908b8576 (webtiles) character file.

Game seed: 4101919442650076980

84 polve the Conjurer (level 4, -5/33 HPs)
             Began as a Draconian Conjurer on Mar 31, 2021.
             Slain by Sigmund
             ... wielding a +0 scythe
              (8 damage)
             ... on level 2 of the Dungeon.
             The game lasted 00:01:41 (1867 turns).

polve the Conjurer (Draconian Conjurer)             Turns: 1867, Time: 00:01:42

Health: -5/33      AC:  5    Str: 10    XL:     4   Next: 23%
Magic:  2/7        EV: 12    Int: 19    God:
Gold:   49         SH:  0    Dex:  9    Spells: 6/7 levels left

rFire    . . .     SeeInvis .   g - +1 spear (venom)
rCold    . . .     Faith    .   (no shield)
rNeg     . . .     Spirit   .   (armour unavailable)
rPois    .         Reflect  .   (helmet restricted)
rElec    .         Harm     .   (no cloak)
rCorr    .         Rampage  .   (no gloves)
Will     .....                  (no boots)
Stlth    +.........             (no amulet)
HPRegen  0.11/turn              (no ring)
MPRegen  0.10/turn              (no ring)

@: confused
A: AC +5, unfitting armour, cold-blooded
a: no special abilities


You were on level 2 of the Dungeon.
You visited 1 branch of the dungeon, and saw 2 of its levels.

You collected 49 gold pieces.

Inventory:

Hand Weapons
 f - a +0 dagger of speed
 g - a +1 spear of venom (weapon)
Scrolls
 a - 2 scrolls of noise {unknown}
 b - a scroll of holy word {unknown}
 c - a scroll of acquirement {unknown}
 d - a scroll of enchant weapon {unknown}
 e - a scroll of vulnerability {unknown}


   Skills:
 - Level 1.7 Dodging
 - Level 1.7 Stealth
 - Level 2.0 Spellcasting
 + Level 5.8 Conjurations


You had 6 spell levels left.
You knew the following spells:

 Your Spells              Type           Power      Damage    Failure   Level
a - Magic Dart            Conj           96%        1d7       1%          1

Your spell library contained the following spells:

 Spells                   Type           Power      Damage    Failure   Level
 Searing Ray              Conj           48%        3d5       2%          2
 Dazzling Flash           Conj/Hex       24%        N/A       16%         3
 Fulminant Prism          Conj/Hex       6%         3d7       45%         4
 Iskenderun's Mystic Bla  Conj/Tloc      12%        2d5       45%         4


Dungeon Overview and Level Annotations

Branches:
Dungeon (2/15)

Altars:

Annotations:
D:2 Sigmund


Innate Abilities, Weirdness & Mutations

Your plain brown scales are hard. (AC +5)
You cannot fit into any form of body armour.
You are cold-blooded and may be slowed by cold attacks.


Message History

Aim: Sigmund, wielding a +0 scythe and wearing a +0 robe (heavily wounded, about 47% to evade your +1 spear of venom)
You reach to attack!
You closely miss Sigmund.
Sigmund is heavily wounded.
Sigmund misses you. The endoplasm closely misses you.
Sigmund hits you from afar with a +0 scythe.
Reach: g) +1 spear (venom)
Press: ? - help, Dir - move target, f/p - Sigmund
Aim: Sigmund, wielding a +0 scythe and wearing a +0 robe (heavily wounded, about 47% to evade your +1 spear of venom)
The endoplasm is in the way.
You hit the endoplasm.
The endoplasm is almost dead.
The endoplasm freezes you.
You are frozen.
You feel yourself slow down. Sigmund hits you but does no damage.
Reach: g) +1 spear (venom)
Press: ? - help, Dir - move target, f/p - Sigmund
Aim: Sigmund, wielding a +0 scythe and wearing a +0 robe (heavily wounded, about 47% to evade your +1 spear of venom)
The endoplasm is in the way.
You hit the endoplasm.
You kill the endoplasm!
Sigmund casts a spell at you. The magic dart hits you!
Reach: g) +1 spear (venom)
Press: ? - help, Dir - move target, f/p - Sigmund
Aim: Sigmund, wielding a +0 scythe and wearing a +0 robe (heavily wounded, about 47% to evade your +1 spear of venom)
You reach to attack!
You closely miss Sigmund.
Sigmund is heavily wounded.
You feel yourself speed up.
Sigmund hits you from afar with a +0 scythe!
* * * LOW HITPOINT WARNING * * *
Sigmund casts a spell at you.
You are confused.
You aren't carrying any potions.
You bump into the rock wall.
Sigmund looks at you with fury. Sigmund closely misses you.
You bump into the rock wall.
Sigmund barely misses you. Sigmund gestures at you while chanting.
The magic dart hits you.
* * * LOW HITPOINT WARNING * * *
Sigmund hits you from afar with a +0 scythe!
You die...

.......'........................
.......###....##...#...#.#....
...........#####..............
##########.##......##.........
########.##.###..##.##.....#
.........##.###..##.# .....
.................##.#
.#######.##.###.....#
#.##...@.....## #....@..........
#.##..###....### #'##..# ....#
......# ....# ....... #####
....... ..#....


You could see Sigmund.

Vanquished Creatures
  4 gnolls (D:2)
  2 adders (D:2)
  2 endoplasms
  A giant cockroach (D:1)
  4 goblins
  2 hobgoblins (D:1)
  5 jackals (D:1)
  A kobold (D:1)
  A quokka (D:2)
  2 bats (D:1)
  2 rats (D:1)
26 creatures vanquished.

Vanquished Creatures (others)
  A plant (D:1)
1 creature vanquished.

Grand Total: 27 creatures vanquished

Notes
Turn   | Place    | Note
-------+----------+-------------------------------------------
     0 | D:1      | polve the Draconian Conjurer began the quest for the Orb.
     0 | D:1      | Reached XP level 1. HP: 14/14 MP: 3/3
   600 | D:1      | Reached XP level 2. HP: 20/20 MP: 1/5
  1225 | D:2      | Noticed Sigmund
  1664 | D:2      | Reached skill level 5 in Conjurations
  1664 | D:2      | Reached XP level 3. HP: 26/26 MP: 0/6
  1713 | D:2      | Reached XP level 4. HP: 29/33 MP: 2/7
  1867 | D:2      | Slain by Sigmund

Illustrated notes

Levels and vault maps discovered:
D:1:      amcnicky_arrival_feature_with_door, layout_loops_ring,
          serial_bayou_pond_d
D:2:      layout_basic, uniq_sigmund

Skill      XL: |  1  2 |
---------------+-------+-----
Conjurations   | 5 |  5.8
Dodging        | |  1.7
Stealth        | |  1.7
Spellcasting   | |  2.0

Action                   |  1- 3 |  4- 6 || total
-------------------------+-------+-------++-------
Melee: Dagger            |    41 |       ||    41
       Tailslap          |     3 |     1 ||     4
       Spear             |    13 |    11 ||    24
 Cast: Magic Dart        |    42 |    10 ||    52
Armor: Skin              |    22 |     4 ||    26
Dodge: Dodged            |    44 |     7 ||    51

Table legend: (Time is in decaauts)
 A = Elapsed time spent in this place.
 B = Non-inter-level travel time spent in this place.
 C = Inter-level travel time spent in this place.
 D = Time resting spent in this place.
 E = Time spent auto-exploring this place.
 F = Levels seen in this place.
 G = Mean time per level.
                   A        B        C        D        E       F      G
               +--------+--------+--------+--------+--------+-----+--------+
         Total |   1868 |   1817 |     51 |      0 |   1590 |   2 |  934.0 |
       Dungeon |   1868 |   1817 |     51 |      0 |   1590 |   2 |  934.0 |
               +--------+--------+--------+--------+--------+-----+--------+

Top non-repeatable levels by time:
     D:1: 1363 daAuts
     D:2: 505 daAuts
